 Dungeon Crawl Stone Soup version 0.28.0-53-g5a82cb258f (webtiles) character file.

Game seed: 1425452361176954919

67 safid the Skirmisher (level 4, 0/40 HPs)
             Began as a Hill Orc Fighter on Aug 12, 2022.
             Slain by a gnoll
             ... wielding a +0 halberd
              (8 damage)
             ... on level 2 of the Dungeon.
             The game lasted 00:01:28 (1180 turns).

safid the Skirmisher (Hill Orc Fighter)             Turns: 1180, Time: 00:01:29

Health: 0/40       AC:  9    Str: 20    XL:     4   Next: 18%
Magic:  4/4        EV:  7    Int:  8    God:
Gold:   61         SH:  4    Dex: 10    Spells: 3/3 levels left

rFire   . . .      SeeInvis .   a - +0 war axe
rCold   . . .      Faith    .   c - +0 buckler
rNeg    . . .      Spirit   .   f - +0 chain mail
rPois   .          Reflect  .   (no helmet)
rElec   .          Harm     .   (no cloak)
rCorr   +          Rampage  .   (no gloves)
Will    .....                   (no boots)
Stlth   ..........              e - amulet of regeneration
HPRegen 0.93/turn               b - ring of resist corrosion
MPRegen 0.09/turn               (no ring)

@: no status effects
A: no striking features
a: no special abilities


You were on level 2 of the Dungeon.
You visited 1 branch of the dungeon, and saw 2 of its levels.

You collected 61 gold pieces.

Inventory:

Hand Weapons
 a - a +0 war axe (weapon)
Armour
 c - a +0 buckler (worn)
 f - a +0 chain mail (worn)
Jewellery
 b - a ring of resist corrosion (left hand)
 e - an amulet of regeneration (around neck)
Potions
 d - a potion of might


   Skills:
 - Level 4.0 Fighting
 + Level 4.0 Axes
 - Level 4.0 Armour
 - Level 4.0 Shields


You had 3 spell levels left.
You didn't know any spells.
Your spell library contained the following spells:

 Spells                   Type           Power      Damage    Failure   Level
 Gell's Gravitas          Tloc           0%         N/A       100%        3
 Teleport Other           Tloc           0%         N/A       100%        3
 Dispersal                Tloc           0%         N/A       100%        6


Dungeon Overview and Level Annotations

Branches:
Dungeon (2/15)

Altars:


Message History

The gnoll closely misses you.
Training target 4.0 for Armour reached!
Training target 4.0 for Shields reached!
Your Axes skill increases to level 4!
Your Armour skill increases to level 4!
Your Shields skill increases to level 4!
Found a scroll labelled JOVOJAOLUOSE.
Something hits you. The gnoll hits you with a +0 halberd.
You see here 5 gold pieces.
You barely miss the gnoll. Something hits you but does no damage.
The gnoll hits you with a +0 halberd. Something hits you.
You are too injured to fight recklessly!
You are too injured to fight recklessly!
You are too injured to fight recklessly!
You are too injured to fight recklessly!
You are too injured to fight recklessly!
You are too injured to fight recklessly!
You are too injured to fight recklessly!
You are too injured to fight recklessly!
You are too injured to fight recklessly!
You are too injured to fight recklessly!
You are too injured to fight recklessly!
You are too injured to fight recklessly!
You are too injured to fight recklessly!
You are too injured to fight recklessly!
Unknown command.
You hit the gnoll.
The gnoll is lightly wounded.
The gnoll hits you with a +0 halberd!
* * * LOW HITPOINT WARNING * * *
Something hits you but does no damage.
Unknown command.
You hit the gnoll.
The gnoll is moderately wounded.
You block the gnoll's attack. Something hits you.
* * * LOW HITPOINT WARNING * * *
The gnoll hits you with a +0 halberd.
* * * LOW HITPOINT WARNING * * *
Unknown command.
The gnoll hits you from afar with a +0 halberd!
You die...

...####.....######
......#.....#
..###.#.....# ? +##
#.....##### .. .##
#.........# ...
<.... #.........#
.... .....
#.........# w....
.....
#........)###{.....
.....
#.........@$g#
.....
#..#....#.)...+
#####
#..####.#.##.## #)#
#.#.# .# # ..#.# .#
###.# ## ..# ##


You could see a gnoll.

Vanquished Creatures
  2 gnolls (D:2)
  7 ball pythons
  3 endoplasms
  3 giant cockroaches
  2 goblins (D:1)
  4 hobgoblins (D:1)
  7 jackals (D:1)
  2 kobolds (D:2)
  2 quokkas (D:1)
  6 bats
  A frilled lizard (D:1)
  4 rats (D:1)
43 creatures vanquished.

Notes
Turn   | Place    | Note
-------+----------+-------------------------------------------
     0 | D:1      | safid the Hill Orc Fighter began the quest for the Orb.
     0 | D:1      | Reached XP level 1. HP: 19/19 MP: 1/1
   150 | D:1      | Reached XP level 2. HP: 24/27 MP: 2/2
   380 | D:1      | Reached XP level 3. HP: 33/33 MP: 3/3
   437 | D:1      | Found a faded altar of an unknown god.
  1169 | D:2      | Reached XP level 4. HP: 40/40 MP: 4/4
  1180 | D:2      | Slain by a gnoll

Illustrated notes

Levels and vault maps discovered:
D:1:      dpeg_arrival_tiny_a, layout_basic,
          chequers_ecumenical_altar_simple_redux
D:2:      minmay_recursive_quarters, layout_basic,
          ebering_dispersal_statue_hall, uniq_jessica

Skill      XL: |  1  2  3  4 |
---------------+-------------+-----
Axes           | 3 4 |  4.0
Fighting       | 4 |  4.0
Armour         | 4 |  4.0
Shields        | 4 |  4.0

Action                   |  1- 3 |  4- 6 || total
-------------------------+-------+-------++-------
Melee: War axe           |   102 |     8 ||   110
Armor: Chain mail        |    80 |     3 ||    83
       Scale mail        |     3 |       ||     3
Dodge: Dodged            |    73 |     3 ||    76
Block: Buckler           |    35 |     3 ||    38
